 Dungeon Crawl Stone Soup version 0.30-a0-358-g0d69a1922f (webtiles) character file.

Game seed: 14437438963027651885

4239 koil the Covert (level 10, -15/59 HPs)
             Began as a Vampire Enchanter on Nov 10, 2022.
             Was a Believer of Makhleb.
             Killed from afar by a wretched star (23 damage)
             ... with a lance of force
             ... on level 1 of the Abyss.
             The game lasted 00:43:48 (9252 turns).

koil the Covert (Vampire Enchanter)                 Turns: 9252, Time: 00:43:48

Health: -15/59     AC:  0    Str:  5 (7)  XL:     10   Next: 9%
Magic:  18/18      EV: 24    Int: 19 (21) God:    Makhleb [**....]
Gold:   304        SH:  0    Dex: 19 (21) Spells: 7/20 levels left

rFire   . . .      SeeInvis +    (weapon currently unavailable)
rCold   + + .      Faith    .    (shield currently unavailable)
rNeg    + + +      Spirit   .    (body armour currently unavailable)
rPois   ∞          Reflect  .    (helmet currently unavailable)
rElec   .          Harm     .    (cloak currently unavailable)
rCorr   .          Rampage  .    (gloves currently unavailable)
Will    +....                    (boots currently unavailable)
Stlth   ++++++....               (no amulet)
HPRegen 0.00/turn                (ring currently unavailable)
MPRegen 0.16/turn                (ring currently unavailable)

@: bat-form, flying, bloodless, inhibited regen, very quick
A: fast, flying, no casting, tiny, bloodless, fangs 3, see invisible, vampiric
2, ([deformed body]), [screaming 2], ([cold vulnerability 2])
a: Revivify, End Transformation, Renounce Religion, Minor Destruction


You were on level 1 of the Abyss.
You worshipped Makhleb.
Makhleb was pleased with you.
You were a vampire bat.
You visited 2 branches of the dungeon, and saw 10 of its levels.
You visited the Abyss 1 time.

You collected 392 gold pieces.
You spent 88 gold pieces at shops.

Inventory:

Hand Weapons
 a - a +1 dagger of protection (melded)
 i - a +1 dagger
 m - a +1 whip of distortion
 D - a +4 short sword
Missiles
 d - 15 poisoned darts (quivered)
 o - a curare-tipped dart {!f}
Armour
 k - the +1 hat of Puschaim (melded) {Int+3}
   (You acquired it on level 8 of the Dungeon)

   Int:       It affects your intelligence (+3).
 r - a +0 cloak (melded)
 B - the +3 robe of Clouds (melded) {*Thunder rCloud rElec}
   (You found it on level 5 of the Dungeon)

   It occasionally creates storm clouds above nearby enemies.
   It grants its wearer immunity to clouds.
   rElec:     It insulates you from electricity.
 G - a +1 pair of gloves (melded)
Jewellery
 s - a +4 ring of evasion (melded)
 w - a ring of positive energy
 x - the ring "Naan" (melded) {Str+7 Int+6 Slay+2}
   (You found it on level 4 of the Dungeon)

   [ring of intelligence]

   Str:       It affects your strength (+7).
   Int:       It affects your intelligence (+6).
   Slay:      It affects your accuracy & damage with ranged weapons and melee
   (+2).
 y - a +6 ring of intelligence
 C - a +6 ring of intelligence
Wands
 E - a wand of flame (26)
 F - a wand of polymorph (31)
Scrolls
 b - a scroll of identify
 f - a scroll of summoning
 h - 3 scrolls of vulnerability
 p - a scroll of teleportation
 v - a scroll of poison
 z - a scroll of magic mapping
Potions
 c - 2 potions of invisibility
 e - a potion of mutation
 g - 3 potions of brilliance
 j - a potion of resistance
 l - 5 potions of curing
 n - 2 potions of flight
 q - a potion of lignification
 t - a potion of magic
 u - a potion of berserk rage
 A - 3 potions of heal wounds
 H - a potion of might


   Skills:
 + Level 5.1 Fighting
 + Level 6.4 Short Blades
 - Level 3.0 Armour
 + Level 6.7 Dodging
 - Level 8.6 Stealth
 + Level 5.7 Spellcasting
 - Level 8.0 Hexes
 - Level 2.0 Translocations
 - Level 3.0 Air Magic


You had 7 spell levels left.
You knew the following spells:

 Your Spells              Type           Power      Damage    Failure   Level
a - Ensorcelled Hibernat  Hex/Ice        40%        N/A       3%          2
b - Confusing Touch       Hex            36%        N/A       1%          3
c - Blink                 Tloc           26%        N/A       8%          2
d - Lesser Beckoning      Tloc           26%        N/A       16%         3
e - Swiftness             Air            16%        N/A       10%         3

Your spell library contained the following spells:

 Spells                   Type           Power      Damage    Failure   Level
 Tukima's Dance           Hex            36%        N/A       1%          3
 Dazzling Flash           Conj/Hex       40%        N/A       7%          3
 Freeze                   Ice            20%        1d4       12%         1
 Momentum Strike          Conj/Tloc      18%        3d8       12%         2
 Passwall                 Tmut/Erth      4%         N/A       17%         2
 Frozen Ramparts          Ice            10%        1d2       34%         3
 Hailstorm                Conj/Ice       5%         3d4       34%         3
 Manifold Assault         Tloc           13%        N/A       45%         4
 Conjure Ball Lightning   Conj/Air       5%         3x3d6     100%        6
 Storm Form               Tmut/Air       5%         N/A       100%        7
 Discord                  Hex            18%        N/A       100%        8
 Disjunction              Tloc           6%         N/A       100%        8


Dungeon Overview and Level Annotations

Branches:
Dungeon (9/15)             Temple (1/1) D:4
   Lair: D:8-11         Orc: D:9-12

Altars:
Ashenzari
Dithmenos
Fedhas
Gozag
Hepliaklqana
Kikubaaqudgha
Makhleb
Nemelex Xobeh
Okawaru
Qazlal
Ru
Trog
Uskayaw
Vehumet
Wu Jian
Xom
Yredelemnul

Shops:
D:4 *   D:8 !=[

Annotations:
D:9 Erolcha


Innate Abilities, Weirdness & Mutations

You are a vampire bat.
You are tiny and dextrous.
You move quickly.
You are flying.
You are immune to poison.
Your equipment is almost entirely melded.
You are incapable of wielding weapons or throwing items.
You cannot cast spells.
You do not regenerate when monsters are visible.
You are frail without blood (-20% HP).
You can heal yourself when you bite living creatures.
You are immune to poison.
You have razor-sharp teeth.
You have supernaturally acute eyesight. (SInv)
You are afflicted with vampirism and can become a bat while bloodless.
[((Armour fits poorly on your strangely shaped body.))]
[You frequently scream uncontrollably at your foes.]
[((You are very vulnerable to cold. (rC--)))]


Message History

You hit the unseen horror but do no damage.
You bite the unseen horror.
The unseen horror is lightly wounded.
The unseen horror closely misses you.
You hit the unseen horror but do no damage.
You bite the unseen horror, but do no damage.
The unseen horror is lightly wounded.
The unseen horror completely misses you.
You hit the unseen horror but do no damage.
The unseen horror is lightly wounded.
The unseen horror splashes around in the water.
A ghost moth comes into view.
A rakshasa comes into view. It is wielding a +0 long sword.
The unseen horror completely misses you.
A small abomination comes into view.
The unseen horror attacks as you move away!
The unseen horror hits you.
An apocalypse crab comes into view.
The unseen horror attacks as you move away!
The unseen horror hits you! The unseen horror misses you.
An ice devil comes into view.
The apocalypse crab closely misses you. The apocalypse crab claws you.
You are engulfed in flames!
The unseen horror attacks as you move away!
The unseen horror misses you. x2
You squeak at the wretched star!
A wretched star comes into view.
The unseen horror completely misses you.
The unseen horror attacks as you move away!
The unseen horror misses you.
The unseen horror completely misses you.
The unseen horror attacks as you move away!
The unseen horror hits you!
* * * LOW HITPOINT WARNING * * *
A green draconian monk comes into view.
The unseen horror completely misses you.
The wretched star glows turbulently.
The lance of force hits you!!
You die...

.☼...§
......
.....q ###
##......
..##........
#..#8......
#..........
###*b8......
#.#..#......
#x.### .....
#...#..##
.... ....#
##..# §§.
...# ##.##
.. ###. #.x#
. #.#.
##.##### .
.#...#..~#


You could see a green draconian monk (wandering), a wretched star and an unseen
horror (invisible).

Vanquished Creatures
  Maurice (D:8)
  A hornet (D:7)
  Grinder (D:6)
  A wraith (D:9)
  A wyvern (D:9)
  3 yaks (D:7)
  A steam dragon (D:8)
  An ice beast (D:6)
  2 orc warriors
  An ogre (D:4)
  A sky beast (D:6)
  A centaur (D:7)
  A phantom (D:6)
  2 kobold brigands (D:8)
  4 scorpions
  A necrophage (D:6)
  10 wights
  5 killer bees (D:9)
  A howler monkey (D:7)
  3 hounds
  4 orc priests
  2 jellies
  4 iguanas
  10 orc wizards
  7 adders
  A shadow imp (D:7)
  2 white imps
  An ufetubus (D:4)
  4 dart slugs
  6 worms
  27 orcs
  7 ball pythons
  A bat (D:1)
  3 endoplasms
  7 giant cockroaches
  8 goblins
  4 hobgoblins
  6 jackals (D:2)
  3 quokkas
  4 frilled lizards
  12 kobolds
  4 rats
169 creatures vanquished.

Notes
Turn   | Place    | Note
-------+----------+-------------------------------------------
     0 | D:1      | koil the Vampire Enchanter began the quest for the Orb.
     0 | D:1      | Reached XP level 1. HP: 13/13 MP: 3/3
   194 | D:1      | Reached XP level 2. HP: 20/20 MP: 5/5
   205 | D:1      | Learned a level 2 spell: Ensorcelled Hibernation
   253 | D:1      | Found a faded altar of an unknown god.
   819 | D:1      | Gained mutation: You are afflicted with vampirism and can
                  | become a bat while bloodless. [Vampire growth]
   819 | D:1      | Reached XP level 3. HP: 25/25 MP: 6/6
  1125 | D:2      | Found a hide-covered altar of Uskayaw.
  1160 | D:2      | Learned a level 3 spell: Confusing Touch
  1223 | D:2      | Reached skill level 1 in Fighting
  1398 | D:2      | Reached skill level 5 in Stealth
  1798 | D:2      | Reached skill level 5 in Hexes
  1816 | D:2      | Reached XP level 4. HP: 32/32 MP: 7/7
  2410 | D:3      | Reached XP level 5. HP: 33/37 MP: 5/8
  2750 | D:4      | Found Enikebal's Assorted Antiques.
  3053 | D:4      | Found a staircase to the Ecumenical Temple.
  3152 | D:4      | Identified the ring "Naan" {Str+7 Int+6 Slay+2}
  3167 | D:4      | Noticed an ogre
  3176 | D:4      | Killed an ogre
  3177 | D:4      | Reached XP level 6. HP: 24/44 MP: 10/10
  3448 | D:4      | Learned a level 2 spell: Blink
  4096 | D:5      | Entered Level 5 of the Dungeon
  4429 | D:5      | Reached XP level 7. HP: 51/51 MP: 11/11
  4623 | D:5      | Found the +3 robe of Clouds {*Thunder rCloud rElec}
  5115 | D:6      | Noticed Grinder
  5121 | D:6      | Killed Grinder
  5122 | D:6      | Reached skill level 1 in Translocations
  5359 | D:6      | Reached XP level 8. HP: 58/58 MP: 10/13
  5539 | D:6      | Reached skill level 1 in Armour
  5790 | D:6      | Reached skill level 5 in Dodging
  5990 | Temple   | Entered the Ecumenical Temple
  6386 | Temple   | Became a worshipper of Makhleb the Destroyer
  6642 | D:7      | Reached skill level 5 in Short Blades
  6646 | D:7      | Learned a level 3 spell: Lesser Beckoning
  6712 | D:7      | Reached XP level 9. HP: 65/65 MP: 9/15
  6767 | D:7      | Learned a level 3 spell: Swiftness
  6988 | D:7      | Reached skill level 1 in Air Magic
  7522 | D:8      | Identified a scroll of acquirement
  7522 | D:8      | Acquired the +1 hat of Puschaim {Int+3}
  7544 | D:8      | Noticed Maurice
  7587 | D:8      | Killed Maurice
  7673 | D:8      | Reached * piety under Makhleb
  7823 | D:8      | Found Wada's Dragon-Slaying Spoils.
  7895 | D:8      | Found Eskeudgh's Jewellery Boutique.
  7957 | D:8      | Found Nisin's Distillery.
  8003 | D:8      | Bought a potion of lignification for 33 gold pieces
  8003 | D:8      | Bought a potion of berserk rage for 55 gold pieces
  8088 | D:8      | Reached skill level 5 in Spellcasting
  8687 | D:9      | Reached skill level 5 in Fighting
  8694 | D:9      | Reached ** piety under Makhleb
  8695 | D:9      | Reached XP level 10. HP: 74/74 MP: 12/18
  8790 | D:9      | Noticed Erolcha
  8802 | Abyss:1  | Cast into level 1 of the Abyss (Erolcha)
  8885 | Abyss:1  | Noticed a mana viper
  8887 | Abyss:1  | Noticed a rust devil
  8910 | Abyss:1  | Noticed an orb spider
  8918 | Abyss:1  | Noticed a purple very ugly thing
  8928 | Abyss:1  | Noticed a wretched star
  8939 | Abyss:1  | Noticed a balrug
  8963 | Abyss:1  | Noticed a tentacled starspawn
  9020 | Abyss:1  | Noticed a tentacled starspawn
  9048 | Abyss:1  | Noticed a death drake
  9050 | Abyss:1  | Noticed a bone dragon
  9098 | Abyss:1  | Noticed a thrashing horror
  9106 | Abyss:1  | Noticed a wretched star
  9112 | Abyss:1  | Noticed a hell knight
  9118 | Abyss:1  | Noticed a lich
  9217 | Abyss:1  | Noticed a ghost moth
  9218 | Abyss:1  | Noticed a rakshasa
  9223 | Abyss:1  | Noticed an apocalypse crab
  9249 | Abyss:1  | Noticed a wretched star
  9251 | Abyss:1  | HP: 8/59 [unseen horror (10)]
  9251 | Abyss:1  | Noticed a green draconian monk
  9252 | Abyss:1  | Killed from afar by a wretched star

Illustrated notes

Levels and vault maps discovered:
D:1:      spicycebolla_green_bress_n_ham_2, layout_loops_corners,
          hellmonk_ecumenical_altar_arch_garden, minmay_worlds_worst_comb
D:2:      layout_loops_ring, basic_altar, serial_forest,
          infiniplex_forest_lined_2, infiniplex_forest_corner_1,
          infiniplex_forest_straight_4, infiniplex_forest_split,
          chequers_hall_statues_corner_a, chequers_serial_rivers_room_b
D:3:      layout_loops_ring
D:4:      layout_layer_cave, minmay_temple_entry_offerings, serial_shops,
          nicolae_inconvenience_store
D:5:      layout_loops_ring, nicolae_hexahallways
D:6:      layout_basic, uniq_grinder
D:7:      layout_loops_cross
D:8:      hellmonk_crumbling_castle, layout_basic, serial_shops, shop,
          nicolae_diamond_shop, nicolae_shop_dragon_depot, uniq_maurice
D:9:      layout_rooms, cheibriados_altar_1, mainiacjoe_overflow_catwalk,
          gammafunk_ghost_split, uniq_erolcha
Temple:   mainiacjoe_temple_big_plus
Abyss:1:  base: D:2, lemuel_firewalk_3, hangedman_shadowy_showcase,
          evilmike_abyss_exit_kraken, evilmike_abyss_exit_16, lemuel_firewalk_3

Skill      XL: |  1  2  3  4  5  6  7  8  9 |
---------------+----------------------------+-----
Fighting       | 1 2 3 4 5 |  5.1
Stealth        | 5 6 7 8 |  8.6
Hexes          | 5 6 7 8 |  8.0
Short Blades   | 2 3 4 5 6 |  6.4
Dodging        | 3 4 5 6 |  6.7
Spellcasting   | 3 4 5 |  5.7
Translocations | 1 2 |  2.0
Armour         | 2 3 |  3.0
Air Magic      | 3 |  3.0

Action                   |  1- 3 |  4- 6 |  7- 9 | 10-12 || total
-------------------------+-------+-------+-------+-------++-------
Melee: Dagger            |   114 |   127 |   312 |    23 ||   576
       Bite              |    11 |     8 |    45 |     8 ||    72
       Punch             |     1 |     2 |     8 |       ||    11
       Unarmed           |       |       |       |     3 ||     3
Throw: Dart              |       |       |     1 |       ||     1
 Cast: Ensorcelled Hiber |     9 |    24 |    11 |       ||    44
       Confusing Touch   |       |       |    19 |     2 ||    21
       Swiftness         |       |       |     1 |       ||     1
       Lesser Beckoning  |       |       |     1 |       ||     1
 Abil: Bat Form          |       |       |       |     1 ||     1
       Exsanguinate      |       |       |       |     1 ||     1
  Use: Scroll            |       |       |    17 |       ||    17
       Potion            |       |       |     1 |       ||     1
 Stab: Sleeping          |    16 |    23 |    12 |       ||    51
       Distracted        |     1 |       |       |       ||     1
       Confused          |       |       |    12 |     2 ||    14
Armor: Robe              |    40 |    34 |    50 |     1 ||   125
Dodge: Dodged            |    64 |    96 |   170 |    24 ||   354

Table legend: (Time is in decaauts)
 A = Elapsed time spent in this place.
 B = Non-inter-level travel time spent in this place.
 C = Inter-level travel time spent in this place.
 D = Time resting spent in this place.
 E = Time spent auto-exploring this place.
 F = Levels seen in this place.
 G = Mean time per level.
                   A        B        C        D        E       F      G
               +--------+--------+--------+--------+--------+-----+--------+
         Total |   8968 |   8668 |    300 |     80 |   6843 |  11 |  815.3 |
       Dungeon |   8188 |   7935 |    253 |     46 |   6457 |   9 |  909.8 |
        Temple |    505 |    458 |     47 |     34 |    386 |   1 |  505.0 |
         Abyss |    274 |    274 |      0 |      0 |      0 |   1 |  274.0 |
               +--------+--------+--------+--------+--------+-----+--------+

Top non-repeatable levels by time:
     D:4: 1455 daAuts
     D:8: 1202 daAuts
     D:6: 1040 daAuts
     D:1: 1030 daAuts
     D:2: 927 daAuts
     D:5: 862 daAuts
     D:7: 835 daAuts
     D:3: 694 daAuts
  Temple: 505 daAuts
 Abyss:1: 274 daAuts
     D:9: 140 daAuts
